 Dungeon Crawl Stone Soup version 0.30-a0-1053-gbd8d5ba0ad (webtiles) character file.

Game seed: 574616388360355802

1302 Khashishi the Covert (level 8, 0/55 HPs)
             Began as an Octopode Brigand on Apr 11, 2023.
             Was a Follower of Wu Jian.
             Slain by an ogre
             ... wielding a +0 giant spiked club
              (20 damage)
             ... on level 5 of the Dungeon.
             The game lasted 00:26:53 (4949 turns).

Khashishi the Covert (Octopode Brigand)             Turns: 4949, Time: 00:26:54

Health: 0/55       AC:  1    Str: 10    XL:     8   Next: 57%
Magic:  8/8        EV: 15    Int: 14    God:    Wu Jian [*.....]
Gold:   268        SH:  0    Dex: 15    Spells: 6/7 levels left

rFire   . . .      SeeInvis .    a - +2 dagger
rCold   . . .      Faith    .    (no shield)
rNeg    . . .      Spirit   .    (helmet restricted)
rPois   .          Reflect  .    (no amulet)
rElec   .          Rampage  .    o - ring of flight
rCorr   .                        (no ring)
Will    .....                    (no ring)
Stlth   +++++                    (no ring)
HPRegen 0.29/turn                (no ring)
MPRegen 0.11/turn                (no ring)
                                 (no ring)
                                 (no ring)

@: flying
A: almost no armour, amphibious, 8 rings, camouflage 1, gelatinous body 1,
(nimble swimmer 1), tentacles
a: Renounce Religion


You were on level 5 of the Dungeon.
You worshipped Wu Jian.
Wu Jian was aware of your devotion.
You visited 2 branches of the dungeon, and saw 6 of its levels.

You collected 268 gold pieces.

Inventory:

Hand Weapons
 a - a +2 dagger (weapon)
 b - a +0 rapier of holy wrath
Missiles
 g - 13 stones
 k - 19 boomerangs (quivered)
 q - a throwing net
Jewellery
 o - a ring of flight (left tentacle)
Scrolls
 d - a scroll of silence {unknown}
 e - a scroll of immolation {unknown}
 f - 2 scrolls of teleportation
 h - 2 scrolls of identify {unknown}
 j - 2 scrolls of magic mapping {unknown}
 l - 2 scrolls of fog {unknown}
 n - a scroll of acquirement {unknown}
 p - a scroll of amnesia {unknown}
Potions
 c - a potion of lignification {unknown}
 r - a potion of magic {unknown}


   Skills:
 + Level 5.1 Fighting
 + Level 5.1 Short Blades
 - Level 4.0 Throwing
 + Level 4.7 Dodging
 + Level 8.6 Stealth


You had 6 spell levels left.
You knew the following spells:

 Your Spells              Type           Power      Damage    Failure   Level
a - Summon Small Mammal   Summ           0%         N/A       28%         1

Your spell library contained the following spells:

 Spells                   Type           Power      Damage    Failure   Level
 Apportation              Tloc           0%         N/A       28%         1
 Necrotise                Necr           0%         1d4       28%         1
 Sandblast                Erth           0%         2d4       28%         1
 Passwall                 Tmut/Erth      0%         N/A       41%         2
 Stone Arrow              Conj/Erth      0%         3d7       65%         3
 Anguish                  Hex/Necr       0%         N/A       96%         4
 Iskenderun's Mystic Bla  Conj/Tloc      0%         2d3       96%         4
 Summon Ice Beast         Ice/Summ       0%         N/A       96%         4


Dungeon Overview and Level Annotations

Branches:
Dungeon (5/15)             Temple (1/1) D:4

Altars:
Ashenzari
Cheibriados
Dithmenos
Elyvilon
Fedhas
Gozag
Kikubaaqudgha
Makhleb
Nemelex Xobeh
Okawaru
Qazlal
Ru
Sif Muna
Trog
Uskayaw
Vehumet
Wu Jian
Xom
Yredelemnul
Zin
The Shining One

Shops:
D:1 [

Annotations:
D:4 Pikel
D:5 Dowan


Innate Abilities, Weirdness & Mutations

You cannot wear most types of armour.
You are amphibious.
You can wear up to eight rings at the same time.
Your skin changes colour to match your surroundings (Stealth+).
Your rubbery body absorbs attacks. (AC +1, EV +1)
((You are camouflaged when in or above water. (Stealth+)))
You have tentacles for arms and can constrict up to eight enemies at once.


Message History

Aim: an ogre, wielding a +0 giant spiked club (77% to hit)
You throw a poisoned dart. The poisoned dart hits the ogre.
The ogre is poisoned.
Throw: 19 boomerangs
Press: ? - help, Q - select action, (/) - cycle Shift-Dir - straight line, f/p - ogre
Aim: an ogre, wielding a +0 giant spiked club (lightly wounded, poisoned, 77% to hit)
You throw a boomerang. The boomerang barely misses the ogre.
Throw: 19 boomerangs
Press: ? - help, Q - select action, (/) - cycle Shift-Dir - straight line, f/p - ogre
Aim: an ogre, wielding a +0 giant spiked club (moderately wounded, 77% to hit)
You throw a boomerang. The boomerang hits the ogre.
The ogre is moderately wounded.
Throw: 19 boomerangs
Press: ? - help, Q - select action, (/) - cycle Shift-Dir - straight line, f/p - ogre
Aim: an ogre, wielding a +0 giant spiked club (moderately wounded, 77% to hit)
You throw a boomerang. The boomerang hits the ogre!
The ogre is severely wounded.
You aren't carrying any items that you can evoke.
Throw: 19 boomerangs
Press: ? - help, Q - select action, (/) - cycle Shift-Dir - straight line, f/p - ogre
Aim: an ogre, wielding a +0 giant spiked club (severely wounded, 77% to hit)
You throw a boomerang.
The boomerang hits the ogre but does no damage.
The ogre is severely wounded.
You hit the ogre but do no damage.
The ogre is severely wounded.
You hit the ogre but do no damage. You squeeze the ogre.
The ogre is severely wounded.
The ogre hits you with a +0 giant spiked club!!
You hit the ogre but do no damage. Your squeeze misses the ogre.
The ogre is severely wounded.
You hit the ogre but do no damage.
The ogre is severely wounded.
The ogre hits you with a +0 giant spiked club!
You hit the ogre. You squeeze the ogre.
The ogre is almost dead.
You barely miss the ogre.
The ogre is almost dead.
The ogre hits you with a +0 giant spiked club!!
You die...

#.########.# #########.# #.#
#$....<...# #.# #.#########
#.#############
########.#...........#
######........⌠...⌠######.#
#...................# #.#
#.###...####....<...# #.#
#.###...###@........# #.#
..#.......O###..⌠..## #.#
#.#.....)..# #....#######.## #
#.#........###.#.#.........#
..####.#.#>#.###...##...######..#
.........#...###...####.# #.##
#....................##.# ###...
######.####.####..##.##.# #.....
######.###...###..##.##.# #.#...


You could see an ogre.

Vanquished Creatures
  Sigmund (D:2)
  An ogre (D:5)
  2 lemures (D:4)
  2 phantoms (D:4)
  2 scorpions (D:4)
  4 killer bees
  A gnoll bouda (D:4)
  A hound (D:5)
  Jessica (D:3)
  Natasha (thrice) (D:2)
  3 iguanas (D:4)
  4 orc wizards
  Terence (D:3)
  Robin (D:3)
  11 gnolls
  7 adders
  A worm (D:2)
  A dart slug (D:3)
  7 orcs
  7 ball pythons
  2 bats
  8 endoplasms
  5 giant cockroaches
  11 goblins
  9 hobgoblins
  2 quokkas
  5 frilled lizards
  8 kobolds
  9 rats
120 creatures vanquished.

Notes
Turn   | Place    | Note
-------+----------+-------------------------------------------
     0 | D:1      | Khashishi the Octopode Brigand began the quest for the Orb.
     0 | D:1      | Reached XP level 1. HP: 14/14 MP: 1/1
   179 | D:1      | Reached XP level 2. HP: 17/19 MP: 2/2
   191 | D:1      | Found Xycur's Antique Armour Boutique.
   608 | D:1      | Found a faded altar of an unknown god.
   785 | D:1      | Reached XP level 3. HP: 24/24 MP: 3/3
   854 | D:1      | You fall into a shaft and drop 1 floor!
  1032 | D:2      | Noticed Natasha
  1038 | D:2      | Killed Natasha
  1039 | D:2      | Reached XP level 4. HP: 28/30 MP: 4/4
  1067 | D:2      | Learned a level 1 spell: Summon Small Mammal
  1415 | D:2      | Noticed Sigmund
  1434 | D:2      | Killed Sigmund
  1435 | D:2      | Reached skill level 6 in Stealth
  1435 | D:2      | Reached XP level 5. HP: 9/36 MP: 5/5
  1435 | D:2      | Reached XP level 6. HP: 11/42 MP: 6/6
  1832 | D:2      | Noticed Natasha
  1839 | D:2      | Killed Natasha
  1982 | D:2      | Noticed Natasha
  1988 | D:2      | Killed Natasha
  2106 | D:3      | Noticed Terence
  2109 | D:3      | Killed Terence
  2116 | D:3      | Identified the +0 helmet "Guangilom" {rN+ Will+}
  2116 | D:3      | Noticed Robin
  2154 | D:3      | Killed Robin
  2181 | D:3      | Noticed Jessica
  2235 | D:3      | Killed Jessica
  2597 | D:4      | Reached XP level 7. HP: 46/46 MP: 7/7
  2605 | D:4      | Reached skill level 7 in Stealth
  2921 | D:4      | Found a staircase to the Ecumenical Temple.
  2960 | Temple   | Entered the Ecumenical Temple
  3123 | Temple   | Became a worshipper of the Wu Jian Council
  3716 | D:4      | Reached XP level 8. HP: 54/54 MP: 8/8
  3959 | D:5      | Entered Level 5 of the Dungeon
  3965 | D:4      | Reached skill level 8 in Stealth
  4291 | D:5      | Reached * piety under Wu Jian
  4496 | D:5      | Reached skill level 5 in Fighting
  4534 | D:5      | Got Sophisticated Sorcery
  4591 | D:5      | Reached skill level 5 in Short Blades
  4725 | D:4      | Noticed Pikel
  4922 | D:5      | Noticed Dowan
  4949 | D:5      | Slain by an ogre

Illustrated notes

Levels and vault maps discovered:
D:1:      dpeg_arrival_chambers_temple_mockup, layout_basic, serial_shops, shop,
          hellmonk_ecumenical_altar_inner_sanctum
D:2:      layout_basic, grunt_decor_one_mirror, uniq_natasha, uniq_sigmund
D:3:      layout_basic, uniq_terence, uniq_robin, uniq_jessica
D:4:      minmay_chambers_of_twos, layout_gridville, minmay_temple_entry_grid,
          dk_rats_in_the_wall, uniq_pikel, uniq_eustachio
D:5:      layout_loops_ring, grunt_ministairs_1, minivault_24,
          eino_small_chamber_without_monster, uniq_duvessa
Temple:   roderic_octagonal_lattice_temple

Skill      XL: |  1  2  3  4  5  6  7  8 |
---------------+-------------------------+-----
Fighting       | 3 4 5 |  5.1
Short Blades   | 3 4 5 |  5.1
Throwing       | 3 4 |  4.0
Dodging        | 2 3 4 |  4.7
Stealth        | 6 7 8 |  8.6

Action                     |  1- 3 |  4- 6 |  7- 9 || total
---------------------------+-------+-------+-------++-------
  Melee: Dagger            |    36 |    57 |   146 ||   239
         Tentacles         |     4 |     8 |    33 ||    45
         Constrict         |     4 |    11 |    17 ||    32
         Punch             |     1 |     4 |     1 ||     6
  Throw: Dart              |    16 |    38 |    44 ||    98
         Stone             |       |     8 |       ||     8
         Boomerang         |       |       |     4 ||     4
         Throwing net      |       |       |     1 ||     1
Ability: Lunge             |       |       |     8 ||     8
    Use: Potion            |       |     4 |       ||     4
         Scroll            |       |       |     2 ||     2
   Stab: Sleeping          |    16 |    12 |    13 ||    41
         Held in net/web   |       |       |     1 ||     1
 Armour: Skin              |       |     2 |     5 ||     7
  Dodge: Dodged            |     8 |    16 |    70 ||    94

Table legend: (Time is in decaauts)
 A = Elapsed time spent in this place.
 B = Non-inter-level travel time spent in this place.
 C = Inter-level travel time spent in this place.
 D = Time resting spent in this place.
 E = Time spent auto-exploring this place.
 F = Levels seen in this place.
 G = Mean time per level.
                   A        B        C        D        E       F      G
               +--------+--------+--------+--------+--------+-----+--------+
         Total |   4897 |   4484 |    413 |    558 |   2244 |   6 |  816.2 |
       Dungeon |   4610 |   4216 |    394 |    558 |   2003 |   5 |  922.0 |
        Temple |    286 |    267 |     19 |      0 |    241 |   1 |  286.0 |
               +--------+--------+--------+--------+--------+-----+--------+

Top non-repeatable levels by time:
     D:4: 1439 daAuts
     D:2: 1022 daAuts
     D:1: 973 daAuts
     D:3: 609 daAuts
     D:5: 565 daAuts
  Temple: 286 daAuts
